Map: [ESL] Goldenaura

Players

GuMiho - Winner!

  • Race: Terran Terran
  • Spawn Location: 5:00

DKZDark (Dark)

  • Race: Zerg Zerg
  • League: Master
  • Spawn Location: 12:00

VOD

Have the link to the VOD?

Description

Time

  • Played on: Dec. 20, 2023, 6:50 a.m.
  • Length: 11:47
Show
View Real Time Build Order
Export as new Build Order

GuMiho Terran - Winner!

Build Orders:  

Get SALT Encoding   

  12  0:00  SCV  
  13  0:12  SCV  
  14  0:17  Supply Depot  
  14  0:24  SCV  
  15  0:39  SCV  
  15  0:40  Barracks  
  16  0:43  Refinery  
  16  0:51  SCV  
  17  0:59  Barracks  
  17  1:04  SCV  
  18  1:16  SCV  
  19  1:27  Reaper  
  19  1:28  Orbital Command  
  20  1:46  Reaper  
  21  1:55  SCV  
  21  2:00  Command Center  
  23  2:11  Supply Depot  
  23  2:13  SCV, Barracks Reactor  
  23  2:17  Refinery  
  23  2:18  Barracks Tech Lab  
  23  2:32  SCV, Barracks  
  24  2:45  SCV  
  24  2:49  Marine  
  24  2:50  Marine  
  24  2:51  Marine  
  28  2:54  Stimpack  
  28  2:57  SCV  
  29  3:07  Marine  
  29  3:08  Marine  
  29  3:12  SCV, Marine  
  33  3:14  Orbital Command  
  33  3:20  Barracks Reactor  
  33  3:24  SCV  
  34  3:27  Supply Depot  
  34  3:32  Factory  
  34  3:39  SCV  
  34  3:41  SCV  
  36  3:42  Marine x2  
  36  3:44  Marine  
  38  3:51  SCV  
  38  3:53  SCV  
  39  4:01  Marine  
  40  4:03  SCV  
  40  4:05  SCV  
  42  4:11  Marine x4  
  42  4:14  Supply Depot  
  42  4:15  SCV  
  42  4:16  Starport  
  47  4:17  SCV, Factory Reactor  
  47  4:19  Marine  
  49  4:27  SCV  
  49  4:29  SCV  
  49  4:30  Marine  
  49  4:31  Marine x2  
  54  4:34  Supply Depot  
  54  4:35  Combat Shield  
  54  4:36  Marine  
  55  4:39  SCV  
  55  4:41  Supply Depot  
  55  4:43  SCV  
  57  4:50  Marine x2  
  57  4:51  SCV, Marine x2  
  62  4:54  Supply Depot  
  62  4:55  SCV  
  63  5:03  Medivac x2  
  63  5:05  Factory Tech Lab  
  63  5:06  SCV  
  66  5:08  SCV  
  66  5:11  Marine x3, Refinery x2  
  69  5:17  Marine x2  
  65  5:25  Siege Tank  
  65  5:26  SCV x2  
  68  5:28  Marine x2  
  68  5:29  Marine  
  68  5:35  Marine  
  72  5:37  Marine  
  72  5:38  SCV  
  74  5:43  Command Center  
  74  5:47  Marine x2  
  74  5:48  Supply Depot, Marine  
  77  5:51  Medivac  
  77  5:52  Medivac  
  81  6:03  SCV x2, Siege Tank  
  86  6:11  Supply Depot  
  86  6:13  Supply Depot  
  86  6:15  SCV  
  86  6:16  Engineering Bay  
  86  6:17  Engineering Bay  
  87  6:21  Marine x5  
  92  6:26  SCV  
  92  6:27  SCV  
  94  6:36  Siege Tank  
  94  6:38  SCV  
  94  6:39  SCV  
  97  6:56  Marine  
  97  6:59  Marine x3  
  97  7:00  Marine  
  95  7:07  Terran Infantry Weapons Level 1, Terran Infantry Armor Level 1, SCV x2  
  95  7:08  Siege Tank, Barracks  
  100  7:09  Barracks  
  100  7:10  Orbital Command  
  90  7:19  SCV x2  
  90  7:21  Liberator x2  
  97  7:23  Marine x4  
  101  7:30  Supply Depot  
  101  7:31  SCV, Marauder  
  101  7:32  Orbital Command, SCV, Concussive Shells  
  101  7:33  Supply Depot  
  105  7:38  Armory  
  105  7:44  SCV x2  
  107  7:46  Marine x2  
  107  7:47  Marine  
  109  7:54  Marine  
  109  7:55  Marauder  
  109  7:56  SCV x2  
  114  8:00  SCV  
  114  8:03  Barracks Tech Lab x2  
  117  8:08  SCV, Medivac x2  
  120  8:15  Supply Depot, SCV x2  
  120  8:16  Supply Depot x2  
  122  8:20  SCV  
  122  8:24  Marauder x2  
  122  8:25  Command Center  
  122  8:26  Marauder  
  129  8:31  Supply Depot, Siege Tank, Missile Turret  
  132  8:42  Refinery  
  132  8:43  Refinery  
  132  8:44  Supply Depot, Marine  
  132  8:46  Marauder  
  135  8:54  Sensor Tower  
  135  8:56  Marine x4, Marauder  
  135  9:02  Marine  
  142  9:03  Siege Tank  
  142  9:06  Marine, Terran Infantry Weapons Level 2  
  142  9:09  Terran Infantry Armor Level 2  
  146  9:14  Marine x3  
  146  9:15  SCV x2  
  151  9:18  Marauder  
  153  9:25  Marauder  
  153  9:27  Marine  
  156  9:32  Marauder  
  156  9:35  Marine x3  
  156  9:36  Siege Tank  
  164  9:39  Marine  
  164  9:41  SCV x2  
  164  9:42  SCV, Barracks  
  164  9:44  Barracks  
  164  9:45  Barracks, Factory  
  168  9:46  Marauder  
  159  9:54  Marine x3, Marauder  
  159  9:57  Marauder  
  157  10:03  SCV x3, Marine  
  160  10:07  Marine  
  160  10:08  Missile Turret  
  160  10:11  Siege Tank  
  164  10:14  Marine  
  164  10:15  Marine  
  164  10:16  Marine, Marauder  
  164  10:18  Marauder  
  164  10:21  Marine  
  169  10:22  Planetary Fortress  
  171  10:28  Marauder  
  171  10:31  Marine  
  168  10:37  Marauder  
  168  10:38  Marine x2  
  168  10:40  Marine x2, Marauder  
  168  10:41  Marine  
  177  10:43  Siege Tank, Marine  
  177  10:49  Marine  
  183  10:50  Marauder  
  183  10:56  Marine x2  
  172  10:58  Marine x3  
  172  10:59  Marauder  
  172  11:00  Marine  
  172  11:01  Marauder  
  169  11:07  Marine  
  169  11:11  Marauder  
  168  11:13  Marine  
  168  11:14  Marine  
  168  11:15  SCV x2, Marine  
  168  11:16  SCV, Marine x2  
  173  11:18  Marine  
  173  11:20  Marauder  
  173  11:22  Marauder  
  173  11:24  Marine  
  183  11:27  SCV  
Show
View Real Time Build Order
Export as new Build Order

DKZDark Zerg 

Build Orders: Pool First 

Get SALT Encoding   

  12  0:00  Drone  
  13  0:14  Overlord  
  13  0:17  Drone  
  14  0:32  Drone x2  
  16  0:41  Spawning Pool  
  15  0:44  Drone  
  16  0:50  Drone  
  17  0:59  Drone  
  18  1:12  Hatchery  
  18  1:15  Extractor  
  17  1:28  Zergling x4  
  17  1:30  Zergling x2  
  17  1:31  Queen  
  22  1:42  Overlord  
  22  1:58  Hatchery  
  21  2:02  Drone  
  21  2:05  Drone  
  23  2:14  Queen  
  25  2:26  Drone x3  
  28  2:32  Spore Crawler  
  28  2:36  Drone x2  
  29  2:41  Drone x2  
  31  2:44  Drone  
  31  2:50  Queen  
  31  2:51  Drone  
  34  2:58  Spore Crawler  
  34  3:04  Drone x2  
  34  3:05  Overlord  
  36  3:09  Queen  
  36  3:12  Drone x2  
  40  3:22  Overlord  
  40  3:25  Drone x2  
  44  3:27  Drone  
  44  3:31  Drone  
  44  3:33  Drone x2  
  48  3:38  Drone  
  48  3:39  Drone  
  49  3:41  Drone  
  49  3:42  Drone  
  49  3:47  Extractor  
  49  3:48  Extractor  
  47  3:49  Drone x2, Extractor  
  47  3:50  Roach Warren  
  47  3:53  Drone x2  
  47  3:54  Drone  
  50  3:57  Drone  
  51  4:03  Overlord  
  51  4:04  Drone x3  
  51  4:05  Drone  
  51  4:08  Overlord  
  55  4:14  Overlord  
  55  4:16  Overlord  
  55  4:17  Overlord  
  54  4:31  Roach x4  
  54  4:32  Roach  
  54  4:34  Roach  
  54  4:37  Drone, Roach  
  54  4:38  Drone x2  
  71  4:45  Roach  
  73  4:48  Drone x4  
  77  4:54  Lair  
  77  4:58  Roach x2  
  77  4:59  Drone  
  83  5:00  Drone  
  83  5:01  Drone x2  
  83  5:09  Overlord  
  83  5:10  Drone  
  83  5:12  Extractor  
  83  5:14  Evolution Chamber x2  
  82  5:17  Roach  
  82  5:19  Roach x2  
  79  5:25  Roach x5  
  79  5:26  Roach  
  87  5:29  Roach  
  87  5:31  Drone x3  
  87  5:32  Drone x2  
  92  5:41  Drone x2  
  94  5:43  Extractor  
  94  5:44  Zerg Ground Armor Level 1  
  94  5:45  Drone, Extractor  
  94  5:49  Drone  
  94  5:54  Zerg Missile Weapons Level 1  
  94  6:04  Hatchery, Queen  
  94  6:07  Drone x3  
  98  6:13  Overlord  
  98  6:18  Hatchery  
  97  6:20  Glial Reconstitution  
  97  6:22  Overlord x2  
  97  6:26  Overlord  
  97  6:27  Drone  
  97  6:32  Drone x2, Roach x3  
  106  6:34  Overlord  
  106  6:41  Roach  
  106  6:42  Roach x5  
  106  6:46  Roach x2  
  118  6:53  Roach x2  
  109  6:55  Roach x2  
  109  6:58  Roach x3  
  109  6:59  Roach x2  
  111  7:03  Roach x2  
  111  7:05  Roach  
  92  7:17  Drone x3  
  92  7:20  Drone  
  92  7:21  Drone x2  
  92  7:22  Drone x2  
  100  7:23  Infestation Pit  
  100  7:25  Drone x2  
  100  7:26  Drone  
  100  7:27  Ravager  
  100  7:28  Ravager x2  
  100  7:29  Ravager  
  106  7:32  Drone  
  106  7:34  Drone  
  106  7:35  Drone  
  109  7:37  Drone  
  109  7:43  Tunneling Claws  
  110  7:44  Burrow  
  110  7:48  Roach x2  
  110  7:49  Roach  
  116  7:54  Drone x3  
  116  7:56  Drone x2  
  121  8:00  Overlord  
  121  8:03  Overlord x2  
  121  8:07  Zerg Missile Weapons Level 2  
  121  8:13  Zerg Ground Armor Level 2  
  121  8:16  Drone  
  122  8:20  Infestor  
  122  8:21  Zergling x2  
  122  8:22  Roach x2  
  122  8:23  Roach  
  122  8:26  Roach  
  133  8:30  Roach x3  
  139  8:38  Ravager  
  139  8:39  Ravager  
  141  8:45  Hatchery  
  141  8:46  Spore Crawler  
  139  8:48  Roach  
  139  8:49  Roach x2  
  145  8:59  Overlord x5  
  145  9:07  Hive  
  145  9:09  Hydralisk Den  
  142  9:22  Drone  
  142  9:23  Drone x13  
  142  9:24  Roach x2  
  156  9:28  Roach x2  
  156  9:30  Infestor x2  
  160  9:36  Roach x2  
  160  9:39  Ravager x5  
  160  9:40  Roach x3  
  169  9:46  Roach x3  
  169  9:52  Roach  
  169  9:57  Ravager  
  169  9:58  Ravager  
  175  10:00  Roach x3  
  171  10:09  Ravager x2  
  171  10:13  Extractor x2  
  171  10:14  Roach x3  
  173  10:19  Roach x2  
  177  10:26  Roach x5  
  182  10:31  Roach  
  182  10:41  Roach  
  183  10:51  Roach x2  
  183  10:54  Roach x3  
  183  10:56  Overlord x2  
  178  10:59  Overlord x2  
  178  11:03  Roach x2  
  174  11:04  Roach x4  
  174  11:10  Roach x15  
  161  11:12  Roach  
  161  11:14  Roach x2  
  161  11:25  Roach  
  161  11:26  Roach x2  
Tags
 
League
Master
Matchup
TvZ
Opening
Pool First
Replay Pack
December 2023
Spawn Locations
Cross Positions
Add a new tag
Caveats
  • Supply blocks, unpowered buildings, or Contaminate may cause inaccurate times.
  • Supply counts are checked every 10 seconds.